 Dungeon Sprint DCSS version 0.26.1-11-gd32895ea62 (webtiles) character file.

Game seed: 16654710653413463365

12000000 Zeld the Conqueror (level 27, -10/273 HPs)
             Began as a Minotaur Monk on June 7, 2021.
             Was the Champion of Makhleb.
             Killed from afar by an observer (71 damage)
             ... with a bolt of fire
             ... in the Dungeon (Sprint VIII: "Arena of Blood") on June 8, 2021.
             The game lasted 00:04:34 (120 turns).

Zeld the Conqueror (Minotaur Monk)                   Turns: 120, Time: 00:04:34

Health: -10/273    AC:  4    Str: 27    XL:     27
Magic:  41/53      EV: 32    Int:  7    God:    Makhleb [******]
Gold:   0          SH:  0    Dex: 15    Spells: 80/80 levels left

rFire    . . .     SeeInvis .   h - +∞ Axe of Woe
rCold    . . .     Faith    .   (shield currently unavailable)
rNeg     . . .     Spirit   .   a - +0 robe
rPois    .         Reflect  .   (helmet restricted)
rElec    .         Harm     .   (no cloak)
rCorr    .         Rampage  .   (no gloves)
Will     ++...     NoTele   +   (no boots)
Stlth    +++++++++.             (no amulet)
HPRegen  0.55/turn              (no ring)
MPRegen  0.33/turn              (no ring)

@: no status effects
A: retaliatory headbutt, horns 2
a: Renounce Religion, Minor Destruction, Lesser Servant of Makhleb, Major
Destruction, Greater Servant of Makhleb


You were in the Dungeon.
You worshipped Makhleb.
Makhleb was exalted by your worship.
You visited 1 branch

Inventory:

Hand Weapons
 h - the +∞ Axe of Woe (weapon)
   (You found it in the Dungeon)
Armour
 a - a +0 robe (worn)
Scrolls
 g - a scroll of blinking
Potions
 b - a potion of curing
 d - a potion of haste
 e - 2 potions of magic
 f - a potion of berserk rage


   Skills:
 O Level 27 Fighting
 O Level 27 Short Blades
 O Level 27 Long Blades
 O Level 27 Axes
 O Level 27 Maces & Flails
 O Level 27 Polearms
 O Level 27 Staves
 O Level 27 Slings
 O Level 27 Bows
 O Level 27 Crossbows
 O Level 27 Throwing
 O Level 27 Armour
 O Level 27 Dodging
 O Level 27 Stealth
 O Level 27 Shields
 O Level 27 Unarmed Combat
 O Level 27 Spellcasting
 O Level 27 Conjurations
 O Level 27 Hexes
 O Level 27 Summonings
 O Level 27 Necromancy
 O Level 27 Translocations
 O Level 27 Transmutations
 O Level 27 Fire Magic
 O Level 27 Ice Magic
 O Level 27 Air Magic
 O Level 27 Earth Magic
 O Level 27 Poison Magic
 O Level 27 Invocations
 O Level 27 Evocations


You had 80 spell levels left.
You didn't know any spells.
Your spell library was empty.

Dungeon Overview and Level Annotations

Branches:
Dungeon (1/1)

Altars:
Makhleb

Annotations:
D The Defiler


Innate Abilities, Weirdness & Mutations

You reflexively headbutt those who attack you in melee.
You have a pair of horns on your head.


Message History

Unknown command.
Unknown command.
Press: ? - help, Shift-Dir - straight line, f - eight-headed meat hydra, p - The Defiler
Aim: an eight-headed meat hydra (severely wounded)
You hear a mighty clap of thunder!
The bolt of lightning hits something!
The bolt of lightning misses the eight-headed meat hydra.
You hear an angry hiss.
You hear a shout! x12; You hear two shouts!
You hear a shout! x2; You hear a roar!
You hear a shout! x2; You hear a bark!
You hear a shout! x9; You hear two shouts!
You hear a roar!
You hear a shout! x3
You hear two shouts!
You hear a shout! x3; You hear a deafening roar!
You hear an angry hiss.
You hear a horrible gurgling sound!
You hear a shout! x3
You hear a roar!
You hear a shout!
You hear a roar!
You hear an angry squeal.
You hear a shout! x10
A fleshlord comes into view. It is wielding a +9 great mace.
You feel something staring at you.
A bolt of fire appears from out of thin air!
Deactivating autopickup; reactivate with Ctrl-A.
The bolt of fire hits you!!!
You die...

..... ... #...
..# . #... ..#
o ..###...
..###..
..D.o.###p..D..
.@.{.._..§oOX
#.))))# #_o§@☼#
#.)o)○#
......)§°.M.°..
......###......
..###...
z.###.. . #O.§
S.# . #... ..#
..... ... .. ○.


You could see an accursed, 2 eight-headed meat hydras, a scourge, a fleshlord, a
sculptor of flesh, a large bag of meat (inner flame), The Defiler and 5 bags of
meat.

Vanquished Creatures
  11 hell beasts (D)
  5 royal mummies (D)
  3 great orbs of eyes (D)
  6 wraiths (D)
  11 vampire knights (D)
  35 ogres (D)
  5 two-headed ogres (D)
  7 liches (D)
  3 hydras (D)
  53 orcs (D)
  6 phantoms (D)
  7 skeletal warriors (D)
  A sea snake (D)
  9 large abominations (D)
  6 small abominations (D)
  8 crawling corpses (D)
176 creatures vanquished.

Vanquished Creatures (others)
  An ogre (D)
  2 two-headed ogres (D)
  2 hydras (D)
  An orc (D)
  A crawling corpse (D)
7 creatures vanquished.

Grand Total: 183 creatures vanquished

Notes
Turn   | Place    | Note
-------+----------+-------------------------------------------
     0 | D        | Found the +∞ Axe of Woe
     0 | D        | Zeld the Minotaur Monk began the quest for the Orb.
     0 | D        | Reached XP level 1. HP: 19/19 MP: 0/0
     1 | D        | Noticed a bag of meat
     2 | D        | Noticed a bag of meat
     3 | D        | Became a worshipper of Makhleb the Destroyer
     3 | D        | Reached * piety under Makhleb
     3 | D        | Reached ** piety under Makhleb
     5 | D        | Noticed a bag of meat
     5 | D        | Noticed a bag of meat
     6 | D        | Killed a bag of meat
     6 | D        | Noticed a bag of meat
     6 | D        | Noticed a bag of meat
     7 | D        | Reached XP level 2. HP: 53/53 MP: 1/1
     7 | D        | Reached XP level 3. HP: 60/60 MP: 2/2
     7 | D        | Reached XP level 4. HP: 69/69 MP: 3/3
     7 | D        | Reached XP level 5. HP: 75/75 MP: 4/4
     7 | D        | Reached XP level 6. HP: 83/83 MP: 5/5
     7 | D        | Reached XP level 7. HP: 91/91 MP: 6/6
     7 | D        | Reached XP level 8. HP: 99/99 MP: 7/7
     7 | D        | Reached XP level 9. HP: 105/105 MP: 8/8
     7 | D        | Reached XP level 10. HP: 114/114 MP: 9/9
     7 | D        | Reached XP level 11. HP: 121/121 MP: 10/10
     7 | D        | Noticed a bag of meat
     9 | D        | Killed a bag of meat
     9 | D        | Noticed a bag of meat
    10 | D        | Reached XP level 12. HP: 136/136 MP: 11/11
    10 | D        | Noticed a bag of meat
    10 | D        | Killed a bag of meat
    10 | D        | Noticed a bag of meat
    11 | D        | Reached XP level 13. HP: 148/148 MP: 12/12
    11 | D        | Noticed a bag of meat
    11 | D        | Noticed a bag of meat
    11 | D        | Noticed a bag of meat
    12 | D        | Killed a bag of meat
    12 | D        | Reached *** piety under Makhleb
    12 | D        | Killed a bag of meat
    12 | D        | Noticed a bag of meat
    12 | D        | Noticed a bag of meat
    13 | D        | Reached XP level 14. HP: 162/162 MP: 13/13
    13 | D        | Noticed a bag of meat
    13 | D        | Noticed a bag of meat
    14 | D        | Killed a bag of meat
    15 | D        | Reached XP level 15. HP: 148/173 MP: 14/14
    15 | D        | Reached **** piety under Makhleb
    16 | D        | Reached skill level 27 in Fighting
    16 | D        | Reached skill level 10 in Stealth
    16 | D        | Noticed a meat berserker
    17 | D        | Reached skill level 27 in Dodging
    17 | D        | Reached skill level 27 in Unarmed Combat
    17 | D        | Reached XP level 16. HP: 183/183 MP: 15/15
    17 | D        | Reached ***** piety under Makhleb
    17 | D        | Noticed a meat berserker
    18 | D        | Noticed a meat berserker
    18 | D        | Noticed a meat berserker
    20 | D        | Reached skill level 27 in Axes
    20 | D        | Reached XP level 17. HP: 191/191 MP: 16/16
    20 | D        | Killed a meat berserker
    20 | D        | Noticed a meat berserker
    22 | D        | Reached skill level 27 in Stealth
    22 | D        | Reached XP level 18. HP: 200/200 MP: 17/17
    23 | D        | Killed a meat berserker
    23 | D        | Noticed a destroyer
    24 | D        | Reached skill level 5 in Long Blades
    24 | D        | Reached skill level 5 in Maces & Flails
    24 | D        | Reached skill level 5 in Polearms
    24 | D        | Reached skill level 5 in Staves
    24 | D        | Reached skill level 5 in Armour
    24 | D        | Reached skill level 5 in Shields
    24 | D        | Killed a meat berserker
    24 | D        | Reached ****** piety under Makhleb
    24 | D        | Killed a meat berserker
    24 | D        | Noticed a large bag of meat
    24 | D        | Noticed a large bag of meat
    25 | D        | Reached skill level 5 in Spellcasting
    25 | D        | Reached skill level 5 in Hexes
    25 | D        | Reached XP level 19. HP: 207/207 MP: 17/26
    26 | D        | Killed a meat berserker
    27 | D        | Reached skill level 10 in Short Blades
    27 | D        | Reached skill level 10 in Long Blades
    27 | D        | Reached skill level 10 in Maces & Flails
    27 | D        | Reached skill level 10 in Polearms
    27 | D        | Reached skill level 10 in Staves
    27 | D        | Reached skill level 10 in Slings
    27 | D        | Reached skill level 10 in Bows
    27 | D        | Reached skill level 10 in Crossbows
    27 | D        | Reached skill level 10 in Armour
    27 | D        | Reached skill level 10 in Shields
    28 | D        | Reached XP level 20. HP: 216/216 MP: 17/29
    28 | D        | Killed a destroyer
    29 | D        | Reached skill level 10 in Throwing
    29 | D        | Reached skill level 10 in Invocations
    29 | D        | Reached skill level 10 in Evocations
    29 | D        | Killed a large bag of meat
    31 | D        | Reached skill level 10 in Transmutations
    31 | D        | Reached skill level 10 in Earth Magic
    31 | D        | Reached XP level 21. HP: 213/224 MP: 18/32
    33 | D        | Reached skill level 10 in Conjurations
    33 | D        | Reached skill level 10 in Summonings
    33 | D        | Reached skill level 10 in Necromancy
    33 | D        | Reached skill level 10 in Translocations
    33 | D        | Reached skill level 10 in Fire Magic
    33 | D        | Reached skill level 10 in Ice Magic
    33 | D        | Reached skill level 10 in Air Magic
    33 | D        | Reached skill level 10 in Poison Magic
    33 | D        | Killed a large bag of meat
    34 | D        | Reached skill level 15 in Long Blades
    34 | D        | Reached skill level 15 in Maces & Flails
    34 | D        | Reached skill level 15 in Polearms
    34 | D        | Reached skill level 15 in Staves
    34 | D        | Reached skill level 15 in Armour
    34 | D        | Reached skill level 15 in Shields
    35 | D        | Noticed a destroyer
    36 | D        | Reached skill level 10 in Spellcasting
    36 | D        | Reached skill level 10 in Hexes
    36 | D        | Reached XP level 22. HP: 224/233 MP: 18/35
    36 | D        | Noticed a destroyer
    37 | D        | Reached skill level 15 in Short Blades
    37 | D        | Reached skill level 15 in Slings
    37 | D        | Reached skill level 15 in Bows
    37 | D        | Reached skill level 15 in Crossbows
    37 | D        | Noticed a destroyer
    39 | D        | Reached skill level 15 in Throwing
    39 | D        | Reached skill level 15 in Invocations
    39 | D        | Noticed a destroyer
    40 | D        | Killed a destroyer
    41 | D        | Reached skill level 27 in Invocations
    41 | D        | Reached XP level 23. HP: 221/240 MP: 19/39
    41 | D        | Killed a destroyer
    42 | D        | Reached skill level 15 in Evocations
    42 | D        | Reached XP level 24. HP: 233/249 MP: 19/39
    44 | D        | Killed a destroyer
    45 | D        | Reached skill level 15 in Transmutations
    45 | D        | Reached skill level 15 in Earth Magic
    45 | D        | Killed a destroyer
    46 | D        | Reached skill level 15 in Conjurations
    46 | D        | Reached skill level 15 in Poison Magic
    46 | D        | Reached XP level 25. HP: 240/257 MP: 20/39
    46 | D        | Noticed a destroyer
    48 | D        | Noticed a tyrant
    52 | D        | Reached skill level 15 in Summonings
    52 | D        | Reached skill level 15 in Necromancy
    52 | D        | Reached skill level 15 in Translocations
    52 | D        | Reached skill level 15 in Fire Magic
    52 | D        | Reached skill level 15 in Ice Magic
    52 | D        | Reached skill level 15 in Air Magic
    52 | D        | Noticed a destroyer
    54 | D        | Noticed an accursed
    54 | D        | Noticed a large bag of meat
    55 | D        | Killed an accursed
    56 | D        | Reached XP level 26. HP: 107/266 MP: 23/40
    56 | D        | Noticed a meat beast
    57 | D        | Noticed an accursed
    58 | D        | Reached skill level 15 in Spellcasting
    58 | D        | Reached skill level 15 in Hexes
    58 | D        | Noticed an accursed
    58 | D        | Noticed a destroyer
    59 | D        | Killed a meat beast
    59 | D        | Killed a destroyer
    60 | D        | Reached XP level 27. HP: 273/273 MP: 24/42
    60 | D        | Killed a destroyer
    60 | D        | Killed a large bag of meat
    60 | D        | Noticed a destroyer
    60 | D        | Noticed a large bag of meat
    63 | D        | Reached skill level 27 in Long Blades
    63 | D        | Reached skill level 27 in Maces & Flails
    63 | D        | Reached skill level 27 in Polearms
    63 | D        | Reached skill level 27 in Staves
    63 | D        | Reached skill level 27 in Armour
    63 | D        | Reached skill level 27 in Shields
    64 | D        | Killed a destroyer
    65 | D        | Killed a tyrant
    65 | D        | Noticed a dread
    67 | D        | Reached skill level 27 in Short Blades
    67 | D        | Noticed a meat beast
    68 | D        | Noticed a dread
    69 | D        | Killed a large bag of meat
    69 | D        | Noticed a meat beast
    70 | D        | Reached skill level 27 in Slings
    70 | D        | Reached skill level 27 in Bows
    70 | D        | Reached skill level 27 in Crossbows
    71 | D        | Killed a meat beast
    72 | D        | Reached skill level 27 in Throwing
    72 | D        | Reached skill level 27 in Evocations
    72 | D        | Killed a dread
    74 | D        | Killed a dread
    74 | D        | Killed an accursed
    75 | D        | Reached skill level 27 in Earth Magic
    75 | D        | Killed a meat beast
    75 | D        | Noticed a meat beast
    76 | D        | Reached skill level 27 in Transmutations
    76 | D        | Noticed a destroyer
    77 | D        | Reached skill level 27 in Conjurations
    77 | D        | Reached skill level 27 in Poison Magic
    77 | D        | Killed a meat beast
    78 | D        | Reached skill level 27 in Spellcasting
    78 | D        | Reached skill level 27 in Hexes
    78 | D        | Reached skill level 27 in Summonings
    78 | D        | Reached skill level 27 in Necromancy
    78 | D        | Reached skill level 27 in Translocations
    78 | D        | Reached skill level 27 in Fire Magic
    78 | D        | Reached skill level 27 in Ice Magic
    78 | D        | Reached skill level 27 in Air Magic
    78 | D        | Killed a destroyer
    78 | D        | Noticed a meat beast
    79 | D        | Killed an accursed
    79 | D        | Noticed a meat beast
    80 | D        | Noticed a tyrant
    82 | D        | Killed a meat beast
    82 | D        | Killed a meat beast
    82 | D        | Noticed a meat beast
    82 | D        | Noticed a dread
    83 | D        | Killed a destroyer
    84 | D        | Noticed a meat beast
    85 | D        | Noticed a meat beast
    86 | D        | Killed a meat beast
    86 | D        | Noticed a tyrant
    87 | D        | Noticed a meat beast
    87 | D        | Noticed a tyrant
    88 | D        | Killed a meat beast
    88 | D        | Noticed a dread
    89 | D        | Noticed a tyrant
    92 | D        | Noticed a tyrant
    92 | D        | Killed a tyrant
    92 | D        | Killed a tyrant
    94 | D        | Noticed a meat beast
    94 | D        | Noticed a large bag of meat
    95 | D        | Killed a dread
    95 | D        | Killed a dread
    96 | D        | Killed a tyrant
    97 | D        | Noticed an accursed
    97 | D        | Noticed a tyrant
    97 | D        | Noticed a large bag of meat
    98 | D        | Killed a meat beast
    99 | D        | Noticed a meat beast
    99 | D        | Killed a meat beast
    99 | D        | Noticed an accursed
   101 | D        | Noticed a dread
   102 | D        | Killed a tyrant
   102 | D        | Killed a meat beast
   104 | D        | Killed a dread
   105 | D        | Killed a large bag of meat
   105 | D        | Noticed a destroyer
   107 | D        | Killed a large bag of meat
   109 | D        | Noticed a large bag of meat
   110 | D        | Noticed a dread
   111 | D        | Killed a tyrant
   112 | D        | Killed a destroyer
   112 | D        | Killed an accursed
   112 | D        | Noticed a tyrant
   113 | D        | Killed an accursed
   114 | D        | Noticed an accursed
   115 | D        | Noticed The Defiler
   117 | D        | Killed a tyrant
   119 | D        | Killed a dread
   119 | D        | Killed a large bag of meat
   120 | D        | Noticed a fleshlord
   120 | D        | Killed from afar by an observer

Illustrated notes

Levels and vault maps discovered:
D:        meatsprint

Skill      XL: |  1  2  3  4  5  6  7  8  9 10 11 12 13 14 15 16 17 18 19 20 21 22 23 24 25 26 27 |
---------------+----------------------------------------------------------------------------------+-----
Fighting       | 18 21 23 25 26 27 | 27.0
Axes           | 6 7 9 12 13 18 27 | 27.0
Dodging        | 17 19 21 23 24 27 | 27.0
Stealth        | 6 7 8 9 11 20 27 | 27.0
Unarmed Combat | 17 19 20 23 24 27 | 27.0
Short Blades   | 8 10 12 14 16 17 19 21 23 27 | 27.0
Long Blades    | 9 11 13 16 17 19 21 22 25 27 | 27.0
Maces & Flails | 9 11 13 16 17 19 21 22 25 27 | 27.0
Polearms       | 9 11 13 16 17 19 21 22 25 27 | 27.0
Staves         | 9 11 13 16 17 18 21 22 25 27 | 27.0
Slings         | 8 10 12 14 16 17 19 21 23 27 | 27.0
Bows           | 8 10 12 14 16 17 19 21 23 27 | 27.0
Crossbows      | 8 10 12 14 16 17 19 21 23 27 | 27.0
Throwing       | 8 9 11 13 15 16 18 19 21 27 | 27.0
Armour         | 9 11 13 16 17 19 21 22 25 27 | 27.0
Shields        | 9 11 13 16 17 18 21 22 25 27 | 27.0
Spellcasting   | 5 6 8 10 11 12 13 14 16 27 | 27.0
Conjurations   | 6 7 9 11 12 13 15 16 18 27 | 27.0
Hexes          | 5 6 8 10 11 12 13 14 16 27 | 27.0
Summonings     | 6 7 9 11 12 13 14 15 17 27 | 27.0
Necromancy     | 6 7 9 11 12 13 14 15 17 27 | 27.0
Translocations | 6 7 9 11 12 13 14 15 17 27 | 27.0
Transmutations | 6 8 10 11 13 14 15 17 19 27 | 27.0
Fire Magic     | 6 7 9 11 12 13 14 15 17 27 | 27.0
Ice Magic      | 6 7 9 11 12 13 14 15 17 27 | 27.0
Air Magic      | 6 7 9 11 12 13 14 15 17 27 | 27.0
Earth Magic    | 6 8 10 11 13 14 16 17 20 27 | 27.0
Poison Magic   | 6 7 9 11 12 13 15 16 18 27 | 27.0
Invocations    | 8 9 11 13 27 | 27.0
Evocations     | 7 8 10 12 14 15 17 19 21 27 | 27.0

Action                   |  1- 3 |  4- 6 |  7- 9 | 10-12 | 13-15 | 16-18 | 19-21 | 22-24 | 25-27 || total
-------------------------+-------+-------+-------+-------+-------+-------+-------+-------+-------++-------
Melee: Executioner's axe |     1 |       |       |     2 |     4 |     7 |    10 |     9 |    55 ||    88
Invok: Greater Servant o |       |       |       |       |       |       |       |     1 |     6 ||     7
       Major Destruction |       |       |       |       |       |       |       |       |     4 ||     4
  Use: Potion            |       |       |       |       |       |       |       |       |     1 ||     1
Dodge: Dodged            |       |       |       |       |       |       |       |       |    11 ||    11
